 Dungeon Crawl Stone Soup version 0.22-a0-458-gb446440d2e (webtiles) character file.

279786 Oravi the Severer (level 21, -8/170 HPs)
             Began as a Formicid Fighter on June 7, 2018.
             Was the Champion of Makhleb.
             Shot with a bolt by a yaktaur (12 damage)
             ... on level 2 of the Vaults on June 8, 2018.
             The game lasted 05:11:12 (51793 turns).

Oravi the Severer (Formicid Fighter)               Turns: 51793, Time: 05:11:13

Health: -8/170     AC: 25    Str: 33    XL:     21   Next: 32%
Magic:  0/25       EV:  9    Int:  9    God:    Makhleb [******]
Gold:   2137       SH: 23    Dex: 10    Spells: 20/20 levels left

rFire    + . .     SeeInvis +   a - +5 battleaxe (flame)
rCold    + + +     Gourm    .   X - +0 large shield
rNeg     + + .     Faith    .   J - +2 chain mail {rPois}
rPois    +         Spirit   +   (helmet unavailable)
rElec    .         Reflect  .   q - +2 cloak
rCorr    .         Harm     .   N - +1 pair of gloves {Str+3}
MR       ++...                  l - +0 pair of boots
Stlth    ..........             e - amulet of Veeneg Liosh {Spirit rF+ rC+}
HPRegen  0.38/turn              w - ring "Deusiry" {+Fly rC++ rN+}
MPRegen  0.19/turn              A - ring of positive energy

@: glowing
A: permanent stasis, dig shafts and tunnels, four strong arms, antennae 3
}: 2/15 runes: decaying, gossamer
a: Dig, Shaft Self, Minor Destruction, Lesser Servant of Makhleb, Major
Destruction, Greater Servant of Makhleb, Renounce Religion, Evoke Flight


You were on level 2 of the Vaults.
You worshipped Makhleb.
Makhleb was exalted by your worship.
You were not hungry.

You visited 7 branches of the dungeon, and saw 34 of its levels.
You also visited: Labyrinth, Ossuary and Wizlab.

You collected 3160 gold pieces.
You spent 1023 gold pieces at shops.

Inventory:

Hand Weapons
 a - a +5 battleaxe of flaming (weapon)
 b - a +1 hunting sling of flaming
 U - a +10 blowgun
Missiles
 k - 526 stones
 r - 2 needles of sleeping
 u - 2 javelins of returning (quivered)
 v - 198 sling bullets
Armour
 l - a +0 pair of boots (worn)
 q - a +2 cloak (worn)
 J - a +2 chain mail of poison resistance (worn)
 N - a +1 pair of gloves of strength (worn)
 X - a +0 large shield (worn)
Jewellery
 c - the ring of Hilecej {-Tele rC+ MP+9 Str+3 Int+4}
   (You found it on level 14 of the Dungeon)

   [ring of strength]

   It affects your strength (+3).
   It affects your intelligence (+4).
   It protects you from cold.
   It affects your magic capacity (+9).
   It prevents most forms of teleportation.
 e - the amulet of Veeneg Liosh (around neck) {Spirit rF+ rC+}
   (You found it on level 14 of the Dungeon)

   [amulet of guardian spirit]

   It causes incoming damage to be split between your health and magic.
   It protects you from fire.
   It protects you from cold.
 i - an uncursed ring of fire
 o - an uncursed ring of resist corrosion
 w - the ring "Deusiry" (left hand) {+Fly rC++ rN+}
   (You bought it in a shop on level 2 of the Orcish Mines)

   [ring of positive energy]

   It greatly protects you from cold.
   It protects you from negative energy.
   It lets you fly.
 A - a ring of positive energy (right hand)
 I - an uncursed ring of protection from magic
Wands
 d - a wand of flame (149)
 g - a wand of acid (23)
 m - a wand of iceblast (13)
 S - a wand of paralysis (35)
 V - a wand of clouds (9)
Scrolls
 j - 2 scrolls of summoning
 s - 9 scrolls of remove curse
 F - 18 scrolls of identify
 P - 5 scrolls of fog
 R - 3 scrolls of magic mapping
 W - 2 scrolls of fear
Potions
 h - 8 potions of brilliance
 p - 5 potions of magic
 x - 4 potions of flight
 B - 11 potions of curing
 E - 3 potions of cancellation
 G - 2 potions of invisibility
 M - 2 potions of ambrosia
Miscellaneous
 y - a fan of gales (inert)
 K - a lightning rod (1/4)
 T - a sack of spiders
 Y - 2 phantom mirrors
Comestibles
 f - 48 rations


   Skills:
 + Level 15.8 Fighting
 + Level 18.9 Axes
 - Level 12.0 Slings
 + Level 18.1 Armour
 + Level 17.4 Shields
 - Level 2.0 Invocations
 + Level 6.4 Evocations


You had 20 spell levels left.
You didn't know any spells.
Your spell library contained the following spells:

 Spells                   Type           Power        Failure   Level  Hunger
 Cause Fear               Hex            #.........   100%        4    #####..
 Magic Dart               Conj           #...         71%         1    ##.....
 Apportation              Tloc           #.....       71%         1    ##.....
 Conjure Flame            Conj/Fire      #.......     97%         3    ####...
 Bolt of Fire             Conj/Fire      #.........   100%        6    #######
 Bolt of Cold             Conj/Ice       #.........   100%        6    #######
 Lightning Bolt           Conj/Air       #.........   100%        5    ######.
 Bolt of Magma            Conj/Fire/Erth #.........   100%        5    ######.
 Slow                     Hex            #.......     85%         2    ###....
 Confuse                  Hex            #.......     97%         3    ####...
 Invisibility             Hex            #.......     100%        6    #######
 Throw Flame              Conj/Fire      #.....       85%         2    ###....
 Throw Frost              Conj/Ice       #.....       85%         2    ###....
 Mephitic Cloud           Conj/Pois/Air  #.......     97%         3    ####...
 Ring of Flames           Chrm/Fire      #.........   100%        7    #######
 Summon Small Mammal      Summ           #...         71%         1    ##.....
 Bolt of Draining         Conj/Necr      #.........   100%        5    ######.
 Blink                    Tloc           N/A          85%         2    ###....
 Iskenderun's Mystic Bla  Conj           #.......     100%        4    #####..
 Animate Skeleton         Necr           N/A          71%         1    ##.....
 Vampiric Draining        Necr           #.........   97%         3    ####...
 Freeze                   Ice            #...         71%         1    ##.....
 Summon Ice Beast         Ice/Summ       #.......     100%        4    #####..
 Ozocubu's Armour         Chrm/Ice       #.......     97%         3    ####...
 Call Imp                 Summ           #.......     85%         2    ###....
 Sting                    Conj/Pois      #...         71%         1    ##.....
 Sublimation of Blood     Necr           #.........   85%         2    ###....
 Tukima's Dance           Hex            #.......     97%         3    ####...
 Corpse Rot               Necr           N/A          85%         2    ###....
 Iron Shot                Conj/Erth      #.........   100%        6    #######
 Spider Form              Tmut/Pois      #.........   97%         3    ####...
 Statue Form              Tmut/Erth      #........    100%        6    #######
 Dragon Form              Tmut           #.........   100%        7    #######
 Throw Icicle             Conj/Ice       #.......     100%        4    #####..
 Confusing Touch          Hex            #.....       71%         1    ##.....
 Flame Tongue             Conj/Fire      #....        71%         1    ##.....
 Passwall                 Tmut/Erth      #.......     85%         2    ###....
 Call Canine Familiar     Summ           #.......     97%         3    ####...
 Ensorcelled Hibernation  Hex/Ice        #.....       85%         2    ###....
 Metabolic Englaciation   Hex/Ice        #.........   100%        5    ######.
 Summon Butterflies       Summ           #.......     71%         1    ##.....
 Shatter                  Erth           #.........   100%        9    #######
 Static Discharge         Conj/Air       #.......     97%         3    ####...
 Corona                   Hex            #......      71%         1    ##.....
 Alistair's Intoxication  Tmut/Pois      #.......     100%        5    ######.
 Simulacrum               Ice/Necr       #.........   100%        6    #######
 Portal Projectile        Hex/Tloc       #.....       97%         3    ####...
 Petrify                  Tmut/Erth      #.......     100%        4    #####..
 Orb of Destruction       Conj           #.........   100%        7    #######
 Tornado                  Air            #.........   100%        9    #######
 Leda's Liquefaction      Hex/Erth       #.........   100%        4    #####..
 Inner Flame              Hex/Fire       #.......     97%         3    ####...
 Beastly Appendage        Tmut           #.....       71%         1    ##.....
 Iskenderun's Battlesphe  Conj/Chrm      #.......     100%        5    ######.
 Fulminant Prism          Conj/Hex       #.........   100%        4    #####..
 Dazzling Spray           Conj/Hex       #.....       97%         3    ####...
 Force Lance              Conj/Tloc      #.......     100%        4    #####..
 Searing Ray              Conj           #.....       85%         2    ###....
 Summon Lightning Spire   Summ/Air       #.......     100%        4    #####..
 Summon Guardian Golem    Hex/Summ       #.......     97%         3    ####...
 Dragon's Call            Summ           #.........   100%        9    #######
 Hydra Form               Tmut           #.........   100%        6    #######
 Irradiate                Conj/Tmut      #.........   100%        5    ######.
 Gell's Gravitas          Tloc           #.........   97%         3    ####...
 Yara's Violent Unravell  Hex/Tmut       #.........   100%        5    ######.
 Lesser Beckoning         Tloc           #.........   97%         3    ####...
 Poisonous Vapours        Pois/Air       #.....       85%         2    ###....
 Ignition                 Fire           #.........   100%        8    #######


Dungeon Overview and Level Annotations

Branches:
Dungeon (15/15)            Temple (1/1) D:5            Lair (6/6) D:10
  Swamp (4/4) Lair:2       Spider (4/4) Lair:3        Slime (0/5) Lair:6
    Orc (2/2) D:10            Elf (0/3) Orc:2        Vaults (2/5) D:14
  Crypt (0/3) Vaults:2     Depths (0/5) D:15

Altars:
Ashenzari
Cheibriados
Dithmenos
Elyvilon
Fedhas
Gozag
Hepliaklqana
Kikubaaqudgha
Makhleb
Nemelex Xobeh
Okawaru
Qazlal
Ru
Sif Muna
Trog
Uskayaw
Vehumet
Wu Jian
Xom
Yredelemnul
Zin
The Shining One
Beogh

Shops:
D:7 !   D:15 *   Orc:2 }%(=   Vaults:2 !

Annotations:
Vaults:2 Mennas


Innate Abilities, Weirdness & Mutations

You cannot be hasted, slowed, berserked, paralysed or teleported.
You can dig through walls and to a lower floor.
Your four strong arms can wield two-handed weapons with a shield.
You have a pair of large antennae on your head. (SInv)


Message History

* * * LOW HITPOINT WARNING * * *
There is an open door, spattered with blood here.
Things that are here:
an uncursed arbalest; 18 bolts The yaktaur unwields an uncursed arbalest.
You block the yaktaur's attack. Mennas hits you but does no damage.
Mennas closely misses you.
Things that are here:
a robe; a club; an ogre skeleton You block the yaktaur's attack.
You block the yaktaur's attack.
Mennas hits you with a sacred scourge of holy wrath!!
* * * LOW HITPOINT WARNING * * *
Mennas hits you with a sacred scourge of holy wrath.
* * * LOW HITPOINT WARNING * * *
The yaktaur wields an uncursed arbalest.
The yaktaur shoots a bolt.
You block the bolt.
You see here a bolt.
You block Mennas's attack. x2; The yaktaur shoots a bolt.
The bolt hits you!
You die...

,* ############++################
+**#.............................
.,,#.............................
..,#.......###########...........
..,#.a.....#.........#...........
...#.....a.#.........#...........
...#[....()).c.......#...........
..((......(#[........############
***#.....(.#...A@<...#*,,,***,,,*
#....(..#.........#,,,,,*,,,,,
#...^...#.........'..8,,+,,,,,
#....s..###########..,********
#..............,,,**.,*,,,,,,,
#...(..........,,,***+********
#..............,,,**,,**,,,,,,
#.^.%s.........,,,*,,,**,,,,,,
#..............,,,*,,,**,,,,,,


You could see Mennas, a yaktaur and a friendly worker ant (confused).

Vanquished Creatures
  Nikola (Spider:2)
  A bone dragon (Swamp:4)
  Arachne (Spider:2)
  Jorgrun (Swamp:2)
  A sphinx (Vaults:2)
  Asterion (Spider:3)
  Kirke (Swamp:3)
  Gastronok (Lair:3)
  Roxanne (Swamp:3)
  Donald (Spider:1)
  2 vault wardens (Vaults:1)
  6 emperor scorpions
  3 ghost moths (Spider:4)
  Aizul (Spider:3)
  An ironheart preserver (Vaults:1)
  A very ugly thing (Swamp:1)
  A stone giant (Vaults:1)
  2 entropy weavers
  Azrael (D:12)
  3 spark wasps (Spider:4)
  A minotaur (Lab)
  7 purple draconians (WizLab)
  An ettin (Orc:1)
  Snorg (D:12)
  9 statues (WizLab)
  A fire dragon (Vaults:1)
  5 ogre magi
  5 yaktaur captains
  Erolcha (D:9)
  8 hydras
  5 vault guards (D:14)
  4 ghost crabs
  3 catoblepae
  9 alligators
  A deep troll shaman (Lair:6)
  20 two-headed ogres
  6 death yaks (Lair:6)
  7 centaur warriors
  4 tengu warriors
  A deep troll earth mage (D:14)
  3 orc high priests (Orc:2)
  Urug (D:11)
  A spriggan (Swamp:2)
  2 shadow wraiths
  The ghost of Arvy the Thaumaturge, a novice DrCj of Sif Muna (D:8)
  3 unseen horrors
  2 shambling mangroves
  4 swamp dragons
  2 wizards
  2 spectral hydras (Swamp:4)
  5 ironbrand convokers
  2 necromancers (Vaults:1)
  9 orb spiders
  11 orc knights
  22 ugly things
  9 cyclopes
  A phantasmal warrior (Swamp:4)
  22 wolf spiders
  A manticore (D:14)
  27 deep elf magi
  A mana viper (shapeshifter) (D:12)
  7 orc sorcerers
  8 oklob plants
  A moth of wrath (Spider:1)
  6 black mambas
  9 elephants (Lair:6)
  A naga mage (D:15)
  Joseph (D:7)
  A torpor snail (Spider:3)
  2 gargoyles
  3 vault sentinels (Vaults:1)
  9 spiny frogs
  3 rime drakes
  12 komodo dragons
  A redback zombie (D:15)
  An efreet (D:14)
  5 swamp worm zombies (Swamp:4)
  A freezing wraith (D:14)
  12 yaktaurs
  A yaktaur skeleton (Vaults:1)
  9 demonic crawlers
  30 jumping spiders
  3 polar bears
  5 hydra zombies (Swamp:4)
  9 trolls
  16 hornets
  A harpy skeleton (Vaults:1)
  13 tyrant leeches
  6 blink frogs
  35 slime creatures
  9 bog bodies
  An alligator zombie (Swamp:4)
  3 human simulacra (Vaults:1)
  4 dream sheep (Lair:6)
  3 spectral swamp dragons (Swamp:4)
  13 hippogriffs
  2 shadows
  67 redbacks
  8 wyverns
  A centaur simulacrum (D:15)
  A vampire (D:13)
  2 wraiths (D:11)
  20 tarantellas
  3 hogs (Swamp:3)
  A fire bat (shapeshifter) (D:14)
  A human (D:14)
  5 basilisks
  36 yaks
  2 fire elementals (D:12)
  2 hungry ghosts
  26 vampire mosquitoes
  16 swamp worms
  13 insubstantial wisps
  4 wargs
  2 ogre zombies (Vaults:1)
  5 acid dragons
  8 porcupines
  A soldier ant (D:11)
  13 water moccasins
  4 hell hounds
  An ogre skeleton (Vaults:1)
  An elf skeleton (Vaults:1)
  An eye of draining (D:14)
  A necrophage (D:6)
  24 orc warriors
  5 ice beasts
  6 sky beasts
  17 ogres
  5 swamp drakes
  2 swamp dragon zombies (Swamp:4)
  5 phantoms (Swamp:4)
  13 boggarts
  5 black bears
  7 wolves
  13 centaurs
  A human skeleton (Vaults:1)
  A big kobold (D:13)
  10 crocodiles
  19 bullfrogs
  A gnoll sergeant (D:12)
  A water moccasin zombie (D:6)
  A hornet simulacrum (Vaults:1)
  7 scorpions
  A water moccasin skeleton (D:11)
  10 killer bees
  4 wights (D:8)
  3 electric eels
  3 howler monkeys
  7 crimson imps
  2 centaur zombies
  5 hounds
  2 human zombies
  2 quasits
  2 bullfrog zombies
  10 jellies
  5 centaur skeletons
  A gnoll shaman (Orc:2)
  17 orc priests
  3 bullfrog skeletons
  2 spectral swamp drakes (Swamp:4)
  5 iguanas
  30 orc wizards
  6 worker ants
  A killer bee zombie (D:7)
  2 hound skeletons
  2 hound zombies
  5 mummies (Ossuary)
  19 gnolls
  A howler monkey skeleton (D:7)
  9 river rats (D:6)
  15 adders
  A swamp drake zombie (Swamp:4)
  3 shadow imps
  3 oozes
  5 worms
  2 dart slugs
  5 leopard geckos
  96 orcs
  6 bats
  4 giant cockroaches
  A gnoll zombie (Ossuary)
  18 goblins
  4 hobgoblins
  17 jackals
  14 quokkas
  A ball python (D:3)
  5 frilled lizards
  2 goblin zombies (Ossuary)
  8 kobolds
  A kobold zombie (Ossuary)
  2 orc zombies (Ossuary)
  29 rats
  4 fungi
  15 plants
1315 creatures vanquished.

Vanquished Creatures (collateral kills)
  A rime drake (Lair:3)
1 creature vanquished.

Vanquished Creatures (others)
  2 alligators
  2 death yaks (Lair:6)
  A wolf spider (Spider:2)
  A jumping spider (Spider:2)
  8 redbacks (Spider:2)
  A spriggan (Swamp:2)
  A tarantella (Spider:2)
  An insubstantial wisp (Swamp:4)
  A water moccasin (Lair:6)
  A swamp drake (Swamp:4)
  An orc (Orc:2)
  5 fungi
  A plant (Lair:6)
26 creatures vanquished.

Grand Total: 1342 creatures vanquished

Notes
Turn   | Place    | Note
-------+----------+-------------------------------------------
     0 | D:1      | Oravi the Formicid Fighter began the quest for the Orb.
     0 | D:1      | Reached XP level 1. HP: 18/18 MP: 1/1
   159 | D:1      | Reached XP level 2. HP: 15/24 MP: 2/2
   471 | D:1      | Reached XP level 3. HP: 29/29 MP: 3/3
  1146 | D:2      | Reached XP level 4. HP: 26/35 MP: 4/4
  1537 | D:2      | Found a snail-covered altar of Cheibriados.
  1706 | D:2      | Found a white marble altar of Elyvilon.
  1936 | D:2      | Reached skill level 5 in Axes
  1936 | D:2      | Reached XP level 5. HP: 40/41 MP: 5/5
  2054 | D:2      | Found an opulent altar of Gozag.
  2059 | D:2      | Found a deep blue altar of Sif Muna.
  2248 | D:2      | Found a shadowy altar of Dithmenos.
  3211 | D:3      | Reached XP level 6. HP: 47/47 MP: 6/6
  3226 | D:3      | Upgraded the game from 0.22-a0-456-g11ed031617 to 0.22-a0-458-gb446440d2e
  4039 | D:4      | Reached XP level 7. HP: 50/52 MP: 7/7
  4116 | D:4      | Identified Kikubaaqudgha's Volume of Evil Secrets
  4274 | D:5      | Entered Level 5 of the Dungeon
  4337 | D:5      | Found a sand-covered staircase.
  4343 | Ossuary  | Entered an ossuary
  5021 | D:5      | Reached XP level 8. HP: 46/58 MP: 8/8
  5057 | D:5      | Noticed a wyvern
  5065 | D:5      | Killed a wyvern
  6089 | D:5      | Found a staircase to the Ecumenical Temple.
  6099 | Temple   | Entered the Ecumenical Temple
  6262 | Temple   | Became a worshipper of Makhleb the Destroyer
  6734 | D:6      | Reached skill level 5 in Shields
  6734 | D:6      | Reached XP level 9. HP: 55/65 MP: 9/9
  7362 | D:6      | Reached skill level 5 in Armour
  7619 | D:6      | Reached skill level 10 in Axes
  7654 | D:6      | Reached * piety under Makhleb
  7963 | D:7      | Noticed Joseph
  9062 | D:7      | Killed Joseph
  9062 | D:7      | Reached ** piety under Makhleb
  9062 | D:7      | Reached XP level 10. HP: 57/71 MP: 10/10
  9848 | D:7      | Found a glowing golden altar of the Shining One.
  9942 | D:7      | Found Pilor's Distillery.
  9950 | D:7      | Bought a potion of curing for 36 gold pieces
  9950 | D:7      | Bought a potion of curing for 36 gold pieces
 10028 | D:8      | Noticed Arvy's ghost (novice DrCj)
 10043 | D:8      | Killed Arvy's ghost
 11502 | D:9      | Noticed Erolcha
 11521 | D:9      | Killed Erolcha
 11521 | D:9      | Reached XP level 11. HP: 76/76 MP: 11/11
 11675 | D:9      | Reached *** piety under Makhleb
 12325 | D:8      | Reached skill level 10 in Armour
 12622 | D:10     | Entered Level 10 of the Dungeon
 12622 | D:10     | Found a glowing golden altar of the Shining One.
 12883 | D:10     | Noticed a two-headed ogre
 12951 | D:9      | HP: 2/76 [wyvern (8)]
 13267 | D:10     | Found a staircase to the Lair.
 13588 | D:10     | Found a staircase to the Orcish Mines.
 13622 | D:10     | Found a roughly hewn altar of Beogh.
 13811 | D:10     | Killed a two-headed ogre
 14248 | D:11     | Noticed a white ugly thing
 14272 | D:11     | Killed a white ugly thing
 14272 | D:11     | Reached skill level 1 in Slings
 14298 | D:11     | Reached **** piety under Makhleb
 14381 | D:11     | Noticed Urug
 14404 | D:11     | Killed Urug
 14404 | D:11     | Reached XP level 12. HP: 32/84 MP: 12/12
 14777 | D:11     | Noticed a two-headed ogre
 14799 | D:11     | Killed a two-headed ogre
 14799 | D:11     | Reached skill level 5 in Fighting
 16608 | D:12     | Reached skill level 1 in Evocations
 16808 | D:12     | Reached skill level 5 in Slings
 17019 | D:12     | Noticed a two-headed ogre
 17029 | D:12     | Killed a two-headed ogre
 17029 | D:12     | Reached XP level 13. HP: 95/95 MP: 14/14
 17075 | D:12     | Noticed Azrael
 17556 | D:12     | Killed Azrael
 18108 | D:13     | Noticed Snorg
 18335 | D:13     | Noticed a centaur warrior
 18351 | D:12     | Killed a centaur warrior
 18559 | D:13     | Reached ***** piety under Makhleb
 18983 | D:13     | Reached skill level 5 in Evocations
 19068 | D:12     | Killed Snorg
 19829 | Lair:1   | Entered Level 1 of the Lair of Beasts
 20899 | Lair:2   | Found a staircase to the Swamp.
 21108 | Lair:2   | Reached XP level 14. HP: 102/108 MP: 17/17
 21743 | Lair:3   | Found a hole to the Spider Nest.
 21990 | Lair:3   | Noticed Gastronok
 22002 | Lair:3   | Killed Gastronok
 23014 | Lair:4   | Found a labyrinth entrance.
 23021 | Lab      | Entered a labyrinth
 24639 | Lab      | Noticed a minotaur
 24655 | Lab      | Killed a minotaur
 24660 | Lab      | Got a smelly scale mail
 24938 | Lair:4   | Reached skill level 10 in Fighting
 24951 | Lair:4   | Identified the cursed +1 scale mail "Deginops" {MR- rCorr Dex+2} (You found it in a labyrinth)
 24989 | Lair:3   | Reached skill level 1 in Invocations
 25827 | Lair:4   | Reached skill level 15 in Axes
 26384 | Lair:6   | Entered Level 6 of the Lair of Beasts
 26627 | Lair:6   | Identified the Disquisition on Contamination
 26795 | Lair:6   | Found a staircase to the Slime Pits.
 26886 | Lair:6   | Reached XP level 15. HP: 117/117 MP: 18/18
 27313 | Lair:6   | Reached ****** piety under Makhleb
 27845 | Lair:6   | Reached skill level 10 in Shields
 29592 | D:14     | Found a gate to the Vaults.
 29742 | D:14     | Reached XP level 16. HP: 96/124 MP: 9/19
 29814 | D:14     | Identified a scroll of acquirement
 29829 | D:14     | Got a pitted iron ring
 29830 | D:14     | Identified the ring of Hilecej {-Tele rC+ MP+9 Str+3 Int+4} (You found it on level 14 of the Dungeon)
 29837 | D:14     | Identified the amulet of Veeneg Liosh {Spirit rF+ rC+} (You found it on level 14 of the Dungeon)
 30077 | D:14     | Reached skill level 15 in Shields
 30207 | D:14     | Got a pair of translucent gloves
 30355 | Orc:1    | Entered Level 1 of the Orcish Mines
 30510 | Orc:2    | Entered Level 2 of the Orcish Mines
 30510 | Orc:2    | Found a staircase to the Elven Halls.
 32090 | Orc:2    | Found Otom's Gadget Emporium.
 32090 | Orc:2    | Found Nienoom's Food Shop.
 32094 | Orc:2    | Found Pocets's Jewellery Shop.
 32094 | Orc:2    | Found Perphut's Antique Weapon Emporium.
 32111 | Orc:2    | Bought the ring "Deusiry" {+Fly rC++ rN+} for 699 gold pieces
 32351 | Orc:1    | Found a roughly hewn altar of Beogh.
 32792 | D:15     | Entered Level 15 of the Dungeon
 33150 | D:15     | Found Gozag's Platinum Reserve.
 33150 | D:15     | Found an opulent altar of Gozag.
 33227 | D:15     | Reached skill level 10 in Slings
 33346 | D:15     | Reached skill level 15 in Armour
 33771 | D:15     | Found a staircase to the Depths.
 34019 | Swamp:1  | Entered Level 1 of the Swamp
 34171 | Swamp:1  | Reached XP level 17. HP: 133/133 MP: 20/20
 35016 | Swamp:1  | Identified the +0 pair of gloves of Intercession {rF+ MR- rCorr} (You acquired it on level 14 of the Dungeon)
 35357 | Swamp:2  | Noticed Jorgrun
 35394 | Swamp:2  | Killed Jorgrun
 36188 | Swamp:3  | Noticed Roxanne
 36236 | Swamp:3  | Killed Roxanne
 36253 | Swamp:3  | Identified Roxanne's Catalogue of Changing (You took it off Roxanne on level 3 of the Swamp)
 36316 | Swamp:3  | Reached XP level 18. HP: 142/142 MP: 21/21
 36473 | Swamp:3  | Found an ornate altar of the Wu Jian Council.
 36781 | Swamp:3  | Noticed Kirke
 36794 | Swamp:3  | Killed Kirke
 36929 | Swamp:4  | Entered Level 4 of the Swamp
 38224 | Swamp:4  | Noticed a bone dragon
 38247 | Swamp:4  | Killed a bone dragon
 38247 | Swamp:4  | Reached XP level 19. HP: 135/148 MP: 22/22
 38553 | Swamp:4  | Got a decaying rune of Zot
 39956 | Spider:1 | Entered Level 1 of the Spider Nest
 40001 | Spider:1 | Noticed Donald
 40021 | Spider:1 | Killed Donald
 41056 | Spider:2 | Noticed Nikola
 41071 | Spider:2 | Noticed Arachne
 42136 | Spider:2 | Killed Nikola
 42387 | Spider:2 | Killed Arachne
 43102 | Spider:3 | Noticed Asterion
 43124 | Spider:3 | Killed Asterion
 43626 | Spider:3 | Found the +8 glaive of the Guard {elec, +Rage AC+5 SInv}
 43628 | Spider:3 | Found a roughly hewn altar of Beogh.
 43701 | Spider:3 | Noticed Aizul
 43722 | Spider:3 | Killed Aizul
 43884 | Spider:4 | Entered Level 4 of the Spider Nest
 44911 | Spider:4 | Reached XP level 20. HP: 157/157 MP: 23/23
 45425 | Spider:4 | Got a gossamer rune of Zot
 46107 | Vaults:1 | Entered Level 1 of the Vaults
 46899 | Vaults:1 | Reached skill level 15 in Fighting
 48992 | Vaults:2 | Found Geisuw Pogu's Distillery.
 49005 | Vaults:2 | Bought a potion of curing for 54 gold pieces
 49005 | Vaults:2 | Bought a potion of curing for 54 gold pieces
 49005 | Vaults:2 | Bought 2 potions of agility for 144 gold pieces
 49130 | Vaults:2 | Found a magical portal.
 49139 | WizLab   | Entered Iskenderun's Mystic Tower
 49158 | WizLab   | Reached XP level 21. HP: 169/169 MP: 23/25
 51444 | WizLab   | Identified Peomir's Compendium of Stolen Souls and Attacks
 51444 | WizLab   | Identified the Tome of the Lucky Snowflakes
 51452 | WizLab   | Identified Iskenderun's Grimoire of Confrontation
 51452 | WizLab   | Identified Iskenderun's Grimoire of Blows and Bruises
 51452 | WizLab   | Identified the Disquisition on Fire and Sinister Magic
 51711 | Vaults:2 | Noticed Mennas
 51791 | Vaults:2 | HP: 6/170 [Mennas/sacred scourge of holy wrath (16)]
 51793 | Vaults:2 | Shot with a bolt by a yaktaur

Vault maps used:
D:1:      ebering_trefoil_twist, minmay_misc_feat_roman
D:2:      wad_woods_stonehenge, minitemple, nicolae_overflow_hidden_temple,
          minmay_hedge_maze
D:3:      first_ration
D:4:      solitary_fountain, corexii_item_surrounded_by_moat
D:5:      minmay_temple_entry_trees, nicolae_ossuary_entry_plus,
          minmay_ogre_servants
D:6:      lemuel_ratsnest
D:7:      serial_shops, kennysheep_mini_moat, lemuel_statue_altar, uniq_joseph
D:9:      hangedman_cross_stitches, uniq_erolcha
D:10:     lair_entry_dummy, minmay_orc_entry_temple_small, basic_altar
D:11:     uniq_urug
D:12:     uniq_azrael
D:13:     blue_anna_alchemist, uniq_snorg
D:14:     minmay_tile_spiral, grunt_vaults_entry_fortified
D:15:     grunt_enter_depths_magical_seal, nicolae_gozag_zags_fifth_avenue,
          minmay_misc_feat_columns
Temple:   dpeg_five_rooms_temple
Lair:1:   st_stairs_12
Lair:2:   minmay_lair_oklob_tunnel, minmay_swamp_entry_swarm,
          serial_bayou_pond_c, serial_bayou_pond_a
Lair:3:   nicolae_spider_entry_orb_guardian, minmay_lair_oklob_chamber,
          uniq_gastronok
Lair:4:   lab_entry_generic, serial_bayou_lagoon_a
Lair:6:   grunt_lair_end_beastmaster, nicolae_slime_entry_slimehenge,
          enter_volcano_4, grunt_megastairs_5
Swamp:1:  evilmike_swamp_ruin_house_4
Swamp:2:  evilmike_swamp_ruin_house_1, uniq_jorgrun
Swamp:3:  basic_altar, uniq_roxanne, uniq_kirke
Swamp:4:  swamp_pestilence
Spider:1: hangedman_spider_tarantella_strand, uniq_donald
Spider:2: uniq_arachne, uniq_nikola
Spider:3: nicolae_spider_mines_2, uniq_asterion, uniq_aizul
Spider:4: spider_rune_water, spider_trap
Orc:1:    basic_altar
Orc:2:    grunt_orc_tribal_feast
Vaults:1: nicolae_vaults_big_ls, v_misc_4, serial_ice_b, hangedman_vaults_maws,
          nicolae_vaults_gold_heap, hangedman_vaults_slice,
          nicolae_vaults_network_s, nicolae_vaults_network_quincunx
Vaults:2: nicolae_vaults_inception_scallops, minmay_crypt_entry_skeletal_spiral,
          grunt_vaults_focal, nicolae_vaults_yaktaur_gun_rack,
          hangedman_vaults_hat, vaults_room_pool, hangedman_vaults_trim,
          grunt_vaults_funnel, mu_enter_wizlab_6, serial_shops,
          nicolae_shop_window_shopping, uniq_mennas, uniq_xtahua
Lab:      nicolae_lab_starburst
Ossuary:  ossuary_crypta
WizLab:   wizlab_iskenderun

Skill      XL: |  1  2  3  4  5  6  7  8  9 10 11 12 13 14 15 16 17 18 19 20 21 |
---------------+----------------------------------------------------------------+-----
Axes           | 3 4 5 6 8 9 10 11 13 14 15 17 18 | 18.9
Shields        | 5 7 9 14 15 16 17 | 17.4
Armour         | 4 6 9 11 12 13 14 15 16 17 18 | 18.1
Fighting       | 4 6 9 10 12 13 14 15 | 15.8
Slings         | 2 5 6 8 10 11 12 | 12.0
Evocations     | 2 5 6 |  6.4
Invocations    | 2 |  2.0

Action                   |  1- 3 |  4- 6 |  7- 9 | 10-12 | 13-15 | 16-18 | 19-21 || total
-------------------------+-------+-------+-------+-------+-------+-------+-------++-------
Melee: War axe           |    68 |   156 |   211 |       |       |       |       ||   435
       Hand axe          |       |       |   182 |   285 |       |       |       ||   467
       Battleaxe         |       |       |       |   211 |   655 |   699 |   826 ||  2391
 Fire: Hunting sling     |       |       |       |   497 |   650 |   816 |  1057 ||  3020
       Blowgun           |       |       |       |       |       |       |    14 ||    14
Throw: Stone             |    46 |    28 |    70 |     9 |     2 |     3 |       ||   158
       Tomahawk          |       |    86 |    50 |    27 |     3 |       |       ||   166
       Javelin           |       |       |       |       |    74 |   154 |    33 ||   261
Invok: Minor Destruction |       |       |       |       |     3 |       |       ||     3
 Abil: Dig               |       |       |       |       |     9 |     4 |    17 ||    30
Evoke: Wand              |       |       |     4 |    13 |     6 |     2 |     2 ||    27
       Sack of spiders   |       |       |       |       |     1 |       |     9 ||    10
       Lightning rod     |       |       |       |       |       |       |     6 ||     6
       Fan of gales      |       |       |       |       |       |       |     1 ||     1
  Use: Scroll            |       |     4 |    13 |    12 |    11 |    10 |     5 ||    55
       Potion            |       |       |     2 |     5 |     4 |     1 |    13 ||    25
 Stab: Paralysed         |       |       |    13 |     9 |       |       |       ||    22
       Invisible         |       |       |       |       |     2 |       |       ||     2
       Distracted        |       |       |       |       |       |       |     1 ||     1
  Eat: Chunk             |     1 |     9 |    14 |    19 |    25 |    25 |    31 ||   124
       Ration            |       |       |     1 |     2 |     5 |     1 |     3 ||    12
Armor: Scale mail        |    23 |    34 |    95 |   172 |       |       |       ||   324
       Skin              |       |       |     8 |     8 |       |       |       ||    16
       Chain mail        |       |       |       |    17 |   343 |   296 |   344 ||  1000
Dodge: Dodged            |    16 |    55 |    86 |   207 |   212 |   172 |   189 ||   937
Block: Shield            |    38 |    69 |   129 |   359 |   320 |       |       ||   915
       Large shield      |       |       |       |       |   237 |   875 |   978 ||  2090

Table legend:
 A = Spawn XP
 B = Non-spawn XP
 C = Spawn XP percentage of total XP
 D = Spawn monster count
 E = Non-spawn monster count
 F = Spawn count percentage of total count
 G = Total turns spent on level
                    A         B        C        D         E        F      G
               +---------+---------+-------+---------+---------+-------+---------
         Total |       0 |  385201 |   0.0 |       0 |    1299 |   0.0 | 51793
               +---------+---------+-------+---------+---------+-------+---------
           D:1 |       0 |      40 |   0.0 |       0 |      19 |   0.0 |  1086
           D:2 |       0 |     159 |   0.0 |       0 |      26 |   0.0 |  1388
           D:3 |       0 |      75 |   0.0 |       0 |      26 |   0.0 |   959
           D:4 |       0 |     293 |   0.0 |       0 |      24 |   0.0 |   911
           D:5 |       0 |    1024 |   0.0 |       0 |      33 |   0.0 |  1618
           D:6 |       0 |    1903 |   0.0 |       0 |      64 |   0.0 |  2409
           D:7 |       0 |    1173 |   0.0 |       0 |      17 |   0.0 |   917
           D:8 |       0 |    3028 |   0.0 |       0 |      34 |   0.0 |  1500
           D:9 |       0 |    3236 |   0.0 |       0 |      27 |   0.0 |  1444
          D:10 |       0 |    2661 |   0.0 |       0 |      27 |   0.0 |  1374
          D:11 |       0 |    7239 |   0.0 |       0 |      49 |   0.0 |  2701
          D:12 |       0 |   12494 |   0.0 |       0 |      60 |   0.0 |  2413
          D:13 |       0 |    8269 |   0.0 |       0 |      37 |   0.0 |  1199
          D:14 |       0 |   27036 |   0.0 |       0 |      55 |   0.0 |  1874
          D:15 |       0 |   20986 |   0.0 |       0 |      45 |   0.0 |  1063
        Lair:1 |       0 |    3260 |   0.0 |       0 |      14 |   0.0 |  1112
        Lair:2 |       0 |    6435 |   0.0 |       0 |      28 |   0.0 |  1313
        Lair:3 |       0 |   10405 |   0.0 |       0 |      25 |   0.0 |  2272
        Lair:4 |       0 |    4518 |   0.0 |       0 |      18 |   0.0 |   916
        Lair:5 |       0 |    3844 |   0.0 |       0 |      14 |   0.0 |   629
        Lair:6 |       0 |   19239 |   0.0 |       0 |      52 |   0.0 |  2001
       Swamp:1 |       0 |   14770 |   0.0 |       0 |      31 |   0.0 |  1045
       Swamp:2 |       0 |   13586 |   0.0 |       0 |      32 |   0.0 |  1162
       Swamp:3 |       0 |   11156 |   0.0 |       0 |      31 |   0.0 |   865
       Swamp:4 |       0 |   25503 |   0.0 |       0 |      74 |   0.0 |  1685
      Spider:1 |       0 |   16519 |   0.0 |       0 |      34 |   0.0 |  1981
      Spider:2 |       0 |   14311 |   0.0 |       0 |      27 |   0.0 |   949
      Spider:3 |       0 |   17072 |   0.0 |       0 |      44 |   0.0 |  1262
      Spider:4 |       0 |   36413 |   0.0 |       0 |      79 |   0.0 |  1537
         Orc:1 |       0 |    4174 |   0.0 |       0 |      36 |   0.0 |   962
         Orc:2 |       0 |   10584 |   0.0 |       0 |      64 |   0.0 |  1349
      Vaults:1 |       0 |   41394 |   0.0 |       0 |      85 |   0.0 |  2387
      Vaults:2 |       0 |   10052 |   0.0 |       0 |      15 |   0.0 |   369
           Lab |       0 |    1641 |   0.0 |       0 |       3 |   0.0 |  1897
       Ossuary |       0 |     187 |   0.0 |       0 |      13 |   0.0 |   490
        WizLab |       0 |   30522 |   0.0 |       0 |      37 |   0.0 |  2511
               +---------+---------+-------+---------+---------+-------+---------
